 Dungeon Crawl Stone Soup version 0.31.0 (webtiles) character file.

Game seed: 2860034776735532503

11212 Arcadio the Fighter (level 11, -9/105 HPs)
             Began as a Minotaur Berserker on Jan 19, 2024.
             Was a High Priest of Trog.
             Shot with an arrow by Nessos (16 damage)
             ... on level 2 of the Orcish Mines.
             The game lasted 00:26:24 (10131 turns).

Arcadio the Fighter (Minotaur Berserker)           Turns: 10131, Time: 00:26:25

Health: -9/105     AC: 21    Str: 25    XL:     11   Next: 46%
Magic:  10/10      EV: 12    Int:  4    God:    Trog [*****.]
Gold:   771        SH:  9    Dex: 11    Spells: 10/10 levels left

rFire   + . .        Q - +8 broad axe (elec)
rCold   . . .        I - +0 kite shield
rNeg    . . .        a - +3 plate armour
rPois   .            (helmet restricted)
rElec   .            v - +0 cloak
rCorr   .            (no gloves)
SInv    .            m - +0 pair of boots
Will    .....        V - amulet of the acrobat Stlth
                     i - +5 ring of evasion
HPRegen 0.37/turn    z - ring of protection from fire
MPRegen 0.12/turn

%: acrobat
@: no status effects
A: horns 2, retaliatory headbutt
a: Renounce Religion, Berserk, Trog's Hand, Brothers in Arms


You were on level 2 of the Orcish Mines.
You worshipped Trog.
Trog was extremely pleased with you.
You visited 3 branches of the dungeon, and saw 13 of its levels.
You also visited: Ossuary and Bailey.

You collected 771 gold pieces.

Inventory:

Hand Weapons
 e - a +0 morningstar
 Q - a +8 broad axe of electrocution (weapon)
 R - the +1 war axe "Jaucinex" {chaos, *Corrode *Slow rF+++ rC+++}
   (You found it in a bailey)

   rF+++:     It renders you almost immune to fire.
   rC+++:     It renders you almost immune to cold.
   *Corrode:  It may corrode you when you take damage.
   *Slow:     It may slow you when you take damage.
Armour
 a - a +3 plate armour (worn)
 f - a +0 robe of positive energy
 m - a +0 pair of boots (worn)
 v - a +0 cloak (worn)
 I - a +0 kite shield (worn)
 L - a +0 plate armour
Jewellery
 i - a +5 ring of evasion (left hand)
 l - a ring of positive energy
 q - a +5 ring of evasion
 x - a ring of positive energy
 z - a ring of protection from fire (right hand)
 U - a ring of fire
 V - an amulet of the acrobat (around neck)
Wands
 u - a wand of flame (11)
 T - a wand of iceblast (8)
Scrolls
 c - 2 scrolls of poison
 d - 9 scrolls of teleportation
 g - a scroll of silence
 o - 5 scrolls of fog
 s - a scroll of noise {unknown}
 w - a scroll of revelation
 y - 2 scrolls of fear
 E - 2 scrolls of enchant armour {unknown}
 J - a scroll of torment {unknown}
 M - a scroll of amnesia {unknown}
 P - a scroll of brand weapon {unknown}
 S - a scroll of blinking {unknown}
Potions
 j - 5 potions of heal wounds
 k - a potion of invisibility
 t - 2 potions of attraction
 B - a potion of curing
 D - a potion of magic
 F - 2 potions of haste
 G - 2 potions of lignification
 H - a potion of mutation {unknown}
 K - 2 potions of might {unknown}
 N - a potion of resistance {unknown}
 O - a potion of degeneration {unknown}


   Skills:
 + Level 12.5 Fighting
 + Level 12.4 Axes
 + Level 12.1 Armour
 - Level 2.1 Dodging
 + Level 7.0 Shields


You had 10 spell levels left.
You didn't know any spells.
Your spell library was empty.

Dungeon Overview and Level Annotations

Branches:
Dungeon (10/15) Zot: 26366  Temple (1/1) D:4 Zot: 5998     Orc (2/2) D:10 Zot: 11545
    Elf (0/3) Orc:2       Ossuary (visited)          Bailey (visited)
   Lair: D:8-11

Altars:
Ashenzari
Cheibriados
Dithmenos
Elyvilon
Fedhas
Gozag
Hepliaklqana
Kikubaaqudgha
Makhleb
Nemelex Xobeh
Okawaru
Qazlal
Ru
Sif Muna
Trog
Uskayaw
Vehumet
Wu Jian
Xom
Yredelemnul
Zin
The Shining One

Annotations:
Orc:2 Nessos


Innate Abilities, Weirdness & Mutations

You have a pair of horns on your head.
You reflexively headbutt those who attack you in melee.


Message History

You are poisoned.
You feel very sick.
Nessos says, "Even if you were a mare, I'd kill you!"
Nessos shoots an arrow.
The arrow completely misses you.
You feel very sick.
Nessos shoots an arrow.
The arrow hits you! The arrow burns you.
You are more poisoned.
You feel better.
Nessos shoots an arrow.
The arrow hits you but does no damage.
Nessos shoots an arrow.
The arrow hits you. The arrow burns you.
You are poisoned.
Nessos casts a spell.
Nessos seems to speed up.
You feel sick.
Nessos unwields a +2 longbow of flaming.
It stops flaming.
Nessos barely misses you. Nessos kicks you but does no damage.
Nessos hits you but does no damage. You block Nessos's attack.
You see here 9 gold pieces.
You barely miss Nessos.
You feel sick. Nessos barely misses you. Nessos closely misses you.
You block Nessos's attack. Nessos barely misses you.
You hit Nessos. Lightning courses through Nessos! Your headbutt misses Nessos.
Nessos is lightly wounded.
You feel sick.
Nessos casts a spell.
Nessos blinks!
Nessos wields a +2 longbow of flaming.
It bursts into flame!
Nessos shoots an arrow.
The arrow hits you!! The arrow burns you.
You are more poisoned.
You feel very sick.
Nessos shoots an arrow.
The arrow hits you!
* * * LOW HITPOINT WARNING * * *
The arrow burns you.
* * * LOW HITPOINT WARNING * * *
Nessos shoots an arrow.
The arrow misses you.
Nessos gestures wildly while chanting.
Nessos blinks!
You feel better.
You recover from your berserk rage.
Nessos casts a spell.
Nessos blinks!
Nessos shoots an arrow.
The arrow hits you!
You die...

,,,,,***,,....$,**......,,*
,,,,,**,,,.....###.....#,,*
,,,,,,,,,,.§.....#.....#,**
,,,,,,,,,,<......#....#***
*,,,,,,,,,...........## ******
**,,,,,,*,,,....c.....#
***,*,,**
*,,,,***+++**#..§....###,,,,,,,*
**,,,**,,,,,*#..$.......,,,,,,,*
**,,*,,,,,,,#.@........,,**,,,*
**,*,,,,,,,#..#.......,,,**,,,
***,,,,,,,#..#.......,,***,,,
*,,,,,,,#.#########*****,,,
*,,,,,,,#..#.#,,,,,,,,,,,,,
**8,_,8*#....#,,,,,,,,,,,,, ***
****####....#,,,,,,,,,,,,, *,**
#$.......#∩,,,,,,,,,,,, >..##
##.......#,,,,,,,,,,,,,


You could see Nessos (fast).

Vanquished Creatures
  3 two-headed ogres
  An orc knight (Orc:2)
  An orc sorcerer (Orc:2)
  An elephant (D:10)
  A kobold blastminer (Orc:2)
  Joseph (D:8)
  An unseen horror (D:6)
  A kobold demonologist (D:9)
  2 trolls
  4 yaks (D:9)
  4 wyverns
  A warg (Orc:2)
  A basilisk (D:10)
  2 steam dragons (D:8)
  Menkaure (Ossuary)
  An acid dragon (D:9)
  3 water moccasins
  11 orc warriors
  3 ice beasts
  2 sky beasts
  A black bear (D:10)
  3 centaurs
  2 kobold brigands
  Blork the orc (D:4)
  5 bullfrogs
  A gnoll sergeant (D:5)
  4 scorpions
  8 wights
  An electric eel (D:7)
  3 howler monkeys
  3 bombardier beetles
  2 jellies
  6 hounds
  Crazy Yiuf (D:3)
  5 orc priests
  A sleepcap (D:5)
  3 iguanas (D:6)
  8 orc wizards
  3 mummies (Ossuary)
  13 gnolls
  2 adders (D:4)
  2 shadow imps
  2 white imps
  4 ufetubi
  A dart slug (D:5)
  2 ribbon worms
  43 orcs
  7 ball pythons
  8 endoplasms
  3 giant cockroaches
  7 gnoll zombies (Ossuary)
  18 goblins
  10 hobgoblins
  A jackal (D:2)
  7 quokkas
  6 bats
  6 frilled lizards
  4 gnoll skeletons (Ossuary)
  6 goblin skeletons (Ossuary)
  2 goblin zombies (Ossuary)
  4 hobgoblin skeletons (Ossuary)
  2 hobgoblin zombies (Ossuary)
  24 kobolds
  2 kobold skeletons (Ossuary)
  3 kobold zombies (Ossuary)
  4 orc skeletons (Ossuary)
  6 orc zombies (Ossuary)
  5 rats
  5 rat skeletons (Ossuary)
  5 rat zombies (Ossuary)
320 creatures vanquished.

Vanquished Creatures (others)
  An orc wizard (Orc:2)
  3 orcs (Orc:2)
4 creatures vanquished.

Grand Total: 324 creatures vanquished

Notes
Turn   | Place    | Note
-------+----------+-------------------------------------------
     0 | D:1      | Arcadio the Minotaur Berserker began the quest for the Orb.
     0 | D:1      | Reached XP level 1. HP: 19/19 MP: 0/0
   447 | D:1      | Found a faded altar of an unknown god.
   460 | D:1      | Reached XP level 2. HP: 27/27 MP: 1/1
  1523 | D:2      | Reached XP level 3. HP: 30/33 MP: 2/2
  1566 | D:2      | Reached ** piety under Trog
  2008 | D:3      | Reached XP level 4. HP: 41/41 MP: 3/3
  2060 | D:3      | Reached skill level 5 in Fighting
  2060 | D:3      | Reached skill level 5 in Axes
  2060 | D:3      | Reached XP level 5. HP: 27/48 MP: 4/4
  2299 | D:3      | Found a runed translucent door.
  2300 | D:3      | Noticed Crazy Yiuf
  2593 | D:3      | Killed Crazy Yiuf
  2697 | D:4      | Found a staircase to the Ecumenical Temple.
  2704 | Temple   | Entered the Ecumenical Temple
  2876 | D:4      | Identified the +0 leather armour of Responsibility {rN++
                  | Str+4 Slay-2}
  3050 | D:4      | Reached *** piety under Trog
  3147 | D:4      | Noticed Blork the orc
  3155 | D:4      | Killed Blork the orc
  3156 | D:4      | Reached XP level 6. HP: 57/57 MP: 5/5
  3179 | D:4      | Found a glowing silver altar of Zin.
  3256 | D:4      | Reached skill level 5 in Armour
  3412 | D:5      | Entered Level 5 of the Dungeon
  3679 | D:5      | Found a sand-covered staircase.
  3687 | Ossuary  | Entered an ossuary
  3845 | Ossuary  | Reached **** piety under Trog
  3958 | Ossuary  | Noticed Menkaure
  3966 | Ossuary  | Killed Menkaure
  3967 | Ossuary  | Reached XP level 7. HP: 64/64 MP: 6/6
  4998 | D:6      | Reached XP level 8. HP: 25/73 MP: 7/7
  5001 | D:6      | HP: 3/73 [burnt (6)]
  5021 | D:6      | Killed an unseen horror
  5266 | D:6      | Found a glowing golden altar of the Shining One.
  5276 | D:6      | Found a basalt altar of Yredelemnul.
  5341 | D:6      | Found an ancient bone altar of Kikubaaqudgha.
  5388 | D:6      | Reached ***** piety under Trog
  5394 | D:6      | Found a hazy altar of Hepliaklqana.
  5554 | D:6      | Reached XP level 9. HP: 83/83 MP: 8/8
  5917 | D:6      | Found an ornate altar of the Wu Jian Council.
  6879 | D:8      | Reached skill level 10 in Fighting
  6879 | D:8      | Reached skill level 10 in Axes
  6919 | D:8      | Found a flagged portal.
  6932 | Bailey   | Entered a bailey
  6954 | Bailey   | Noticed an orc warlord
  7012 | Bailey   | Found a runed translucent gate.
  7012 | Bailey   | Found a runed translucent gate.
  7012 | Bailey   | Found a runed translucent gate.
  7322 | Bailey   | Identified the +1 war axe "Jaucinex" {chaos, *Corrode *Slow
                  | rF+++ rC+++}
  7354 | D:8      | Acquired a +6 broad axe of electrocution
  7667 | D:8      | Reached skill level 10 in Armour
  7667 | D:8      | Reached skill level 1 in Shields
  7784 | D:8      | Reached XP level 10. HP: 94/94 MP: 9/9
  7954 | D:8      | Noticed Joseph
  7962 | D:8      | Killed Joseph
  8368 | D:9      | Identified the +8 rapier "Zyenir" {flame, *Slow rElec Will-
                  | rCorr} (Trog gifted it to you on level 9 of the Dungeon)
  8368 | D:9      | Received a gift from Trog
  8476 | D:9      | Noticed a two-headed ogre
  8481 | D:9      | Killed a two-headed ogre
  8712 | D:9      | Found a stormy altar of Qazlal.
  8748 | D:9      | Found a broken altar of Ashenzari.
  8798 | D:9      | Found a shadowy altar of Dithmenos.
  9077 | D:10     | Entered Level 10 of the Dungeon
  9077 | D:10     | Noticed a two-headed ogre
  9090 | D:9      | Killed a two-headed ogre
  9091 | D:9      | Reached skill level 5 in Shields
  9300 | D:10     | Noticed an orange demon
  9518 | D:10     | Noticed a two-headed ogre
  9519 | D:10     | Found a burning altar of Makhleb.
  9524 | D:10     | Killed a two-headed ogre
  9525 | D:10     | Reached XP level 11. HP: 100/104 MP: 10/10
  9666 | D:10     | Found a staircase to the Orcish Mines.
  9703 | Orc:1    | Entered Level 1 of the Orcish Mines
  9713 | Orc:1    | You fall into a shaft and drop 1 floor!
  9713 | Orc:2    | Entered Level 2 of the Orcish Mines
  9752 | Orc:2    | Noticed an orc sorcerer
  9754 | Orc:2    | Noticed a soul eater
  9764 | Orc:2    | Killed an orc sorcerer
  9821 | Orc:2    | Found a staircase to the Elven Halls.
  9828 | Orc:2    | Noticed an orc knight
 10090 | Orc:2    | Killed an orc knight
 10121 | Orc:2    | Noticed Nessos
 10130 | Orc:2    | HP: 5/105 [Nessos/arrow (16)]
 10130 | Orc:2    | HP: 2/105 [Nessos/arrow (3)]
 10131 | Orc:2    | Shot with an arrow by Nessos

Illustrated notes

Levels and vault maps discovered:
D:1:      saegor_arrival_simple_a, layout_basic,
          shapermc_ecumenical_altar_starsandcircs, serial_curves,
          eino_curves_01, eino_curves_01
D:2:      minmay_spotlight, layout_basic, minmay_vboxes
D:3:      layout_basic, uniq_crazy_yiuf_cottage
D:4:      layout_basic, zin_treasury, minmay_temple_entry_arrows,
          uniq_blork_the_orc
D:5:      layout_loops_corners, enter_ossuary_3
D:6:      layout_basic, mainiacjoe_overflow_big_doors, nzn_wu_jian_council_hall,
          grunt_temple_overflow_holy_war
D:7:      layout_basic, nicolae_lava_and_water
D:8:      layout_gridville, enter_bailey_5, minmay_misc_feat_rows,
          feat_on_display, uniq_joseph
D:9:      layout_roguey, mainiacjoe_overflow_chevrons, kennysheep_little_box,
          mainiacjoe_overflow_surrounded_room, minmay_large_rounded_square
D:10:     layout_cave_pools, mainiacjoe_overflow_small_starburst,
          david_lair_generic, david_orc_2, nrook_mini_vaults
Temple:   hc_temple_tempest_star
Orc:1:    layout_diamond_mine, serial_shops, nicolae_shop_tiny_waterfront,
          uniq_jorgrun
Orc:2:    pf_orc_diabolical, layout_diamond_mine, serial_shops, bzr_firewalk,
          nicolae_orc_bridge_out, nicolae_orc_seminary, uniq_nessos

Skill      XL: |  1  2  3  4  5  6  7  8  9 10 11 |
---------------+----------------------------------+-----
Fighting       | 4 5 6 7 9 10 11 12 | 12.5
Axes           | 4 5 6 7 8 10 11 12 | 12.4
Armour         | 3 4 5 6 8 10 11 12 | 12.1
Shields        | 1 5 7 |  7.0
Dodging        | |  2.1

Action                     |  1- 3 |  4- 6 |  7- 9 | 10-12 || total
---------------------------+-------+-------+-------+-------++-------
  Melee: Hand axe          |    91 |   163 |   276 |       ||   530
         Headbutt          |     7 |    30 |    57 |    25 ||   119
         Punch             |       |       |     5 |       ||     5
         War axe           |       |       |    30 |       ||    30
         Broad axe         |       |       |    22 |   154 ||   176
 Invoke: Berserk           |       |     1 |     1 |     2 ||     4
    Use: Scroll            |       |     5 |     9 |     4 ||    18
         Potion            |       |       |     4 |     2 ||     6
   Stab: Sleeping          |     1 |       |       |       ||     1
 Armour: Animal skin       |     7 |       |       |       ||     7
         Robe              |    10 |       |       |       ||    10
         Chain mail        |    22 |    70 |   131 |       ||   223
         Plate armour      |       |       |    88 |   143 ||   231
  Dodge: Dodged            |    71 |   120 |   209 |   105 ||   505
  Block: Kite shield       |       |       |     6 |    91 ||    97
